Map: Cosmic Sapphire

Players

VaeVictusJAC - Winner!

  • Race: Protoss Protoss
  • League: Platinum
  • Spawn Location: 11:00

bluntnstunt

  • Race: Protoss Protoss
  • League: Platinum
  • Spawn Location: 5:00

VOD

Have the link to the VOD?

Description

Time

  • Played on: Nov. 20, 2022, 6:36 p.m.
  • Length: 7:43
Show
View Real Time Build Order
Export as new Build Order

VaeVictusJAC Protoss - Winner!

Build Orders: 1 Gate Expand, Zealot Archon 

Get SALT Encoding   

  12  0:00  Probe  
  13  0:15  Pylon  
  13  0:18  Probe  
  14  0:33  Gateway  
  14  0:35  Probe (Chrono Boost)  
  15  0:46  Probe (Chrono Boost)  
  15  0:48  Assimilator  
  16  0:51  Probe (Chrono Boost)  
  17  1:01  Probe (Chrono Boost)  
  19  1:12  Probe (Chrono Boost)  
  19  1:25  Nexus  
  19  1:31  Cybernetics Core  
  19  1:34  Probe  
  20  1:41  Assimilator  
  20  1:47  Probe  
  21  1:51  Pylon  
  21  1:59  Probe  
  22  2:06  Stalker (Chrono Boost)  
  22  2:08  Warp Gate  
  22  2:11  Probe  
  22  2:15  Shield Battery  
  25  2:23  Probe  
  25  2:28  Stalker  
  28  2:35  Pylon  
  28  2:38  Probe (Chrono Boost)  
  28  2:42  Probe (Chrono Boost)  
  30  2:48  Probe (Chrono Boost)  
  32  2:51  Probe (Chrono Boost)  
  32  2:56  Probe, Gateway  
  33  3:01  Sentry  
  35  3:05  Gateway  
  35  3:12  Probe (Chrono Boost)  
  37  3:13  Probe (Chrono Boost)  
  37  3:20  Probe (Chrono Boost)  
  37  3:22  Shield Battery  
  37  3:23  Probe (Chrono Boost)  
  37  3:26  Probe  
  41  3:34  Probe (Chrono Boost)  
  41  3:36  Robotics Facility  
  41  3:38  Probe (Chrono Boost)  
  41  3:40  Twilight Council  
  43  3:50  Probe (Chrono Boost), Assimilator  
  43  3:52  Probe (Chrono Boost)  
  43  3:53  Assimilator  
  44  3:56  Probe (Chrono Boost)  
  44  3:58  Probe (Chrono Boost)  
  46  4:05  Stalker  
  46  4:07  Pylon  
  46  4:08  Stalker  
  50  4:13  Stalker  
  50  4:14  Pylon  
  50  4:16  Probe x2  
  54  4:26  Charge  
  54  4:27  Pylon  
  54  4:28  Probe  
  55  4:31  Immortal (Chrono Boost)  
  59  4:48  Gateway  
  59  4:50  Gateway  
  59  4:52  Gateway  
  59  4:57  Gateway  
  59  5:01  Immortal (Chrono Boost)  
  63  5:11  Gateway  
  63  5:15  Gateway  
  63  5:24  Gateway  
  63  5:28  Templar Archives  
  63  5:29  Zealot  
  63  5:31  Zealot  
  63  5:34  Zealot  
  69  5:37  Pylon  
  69  5:42  Warp Prism (Chrono Boost)  
  71  5:51  Pylon  
  71  5:55  Pylon  
  71  6:25  Pylon  
  71  6:27  Pylon  
  71  6:30  Pylon  
  71  6:37  High Templar x2  
  71  6:38  High Templar x2  
  71  6:39  High Templar x2  
  83  6:40  Zealot x4  
  83  6:42  Archon x2  
  83  6:43  Archon  
  83  7:01  Zealot x3  
  83  7:02  Zealot  
  87  7:11  Zealot x5  
  87  7:12  Zealot  
Show
View Real Time Build Order
Export as new Build Order

bluntnstunt Protoss 

Build Orders: 1 Gate Expand 

Get SALT Encoding   

  12  0:01  Probe  
  13  0:13  Probe  
  14  0:18  Pylon  
  14  0:29  Probe  
  15  0:37  Gateway  
  15  0:42  Probe (Chrono Boost)  
  16  0:50  Assimilator  
  16  0:52  Probe (Chrono Boost)  
  16  0:57  Probe (Chrono Boost)  
  18  1:08  Probe  
  19  1:20  Probe  
  20  1:28  Cybernetics Core  
  20  1:38  Nexus  
  20  1:45  Pylon  
  20  1:49  Probe  
  21  1:57  Assimilator  
  21  2:01  Probe  
  22  2:04  Stalker  
  24  2:08  Warp Gate  
  24  2:13  Probe  
  25  2:25  Probe  
  26  2:37  Probe  
  26  2:42  Robotics Facility  
  27  2:47  Stalker  
  27  2:49  Shield Battery  
  29  2:52  Probe  
  29  2:53  Probe  
  31  3:02  Pylon  
  31  3:04  Probe  
  31  3:05  Probe  
  33  3:15  Gateway  
  33  3:17  Probe  
  34  3:23  Stalker  
  34  3:24  Probe  
  37  3:30  Probe  
  37  3:32  Observer (Chrono Boost)  
  39  3:37  Probe  
  40  3:44  Probe, Twilight Council  
  41  3:51  Immortal (Chrono Boost)  
  45  4:03  Gateway  
  45  4:06  Gateway  
  45  4:10  Probe x2  
  45  4:15  Stalker  
  49  4:20  Stalker  
  49  4:22  Probe x2  
  53  4:26  Pylon  
  53  4:31  Pylon  
  53  4:35  Probe  
  54  4:44  Probe  
  54  4:45  Immortal  
  59  4:48  Pylon  
  59  4:50  Assimilator  
  59  4:52  Probe, Assimilator  
  60  4:56  Probe  
  60  4:59  Stalker  
  63  5:18  Nexus  
  63  5:21  Probe, Pylon  
  63  5:22  Probe  
  63  5:23  Pylon  
  65  5:33  Immortal, Probe  
  65  5:34  Probe  
  71  5:37  Stalker  
  73  5:47  Forge  
  73  5:48  Charge  
  73  5:53  Stalker x2  
  77  6:12  Observer  
  77  6:16  Probe, Robotics Facility  
  77  6:17  Probe  
  80  6:18  Pylon  
  80  6:23  Pylon, Stalker x2  
  84  6:29  Probe x2  
  86  6:36  Pylon  
  86  6:44  Probe x2  
  88  6:47  Shield Battery  
  88  6:50  Shield Battery  
  88  6:52  Photon Cannon  
  88  6:54  Forge  
  82  7:02  Stalker x4  
Tags
 
Add a new tag
Caveats
  • Supply blocks, unpowered buildings, or Contaminate may cause inaccurate times.
  • Supply counts are checked every 10 seconds.